 Dungeon Crawl Stone Soup version 0.22-a0-228-g3692b99 (webtiles) character file.

145 b5mith the Poker (level 5, -5/47 HPs)
             Began as a Minotaur Berserker on Feb 19, 2018.
             Was a Believer of Trog.
             Slain by an ogre
             ... wielding a +0 giant club
              (17 damage)
             ... on level 4 of the Dungeon.
             The game lasted 00:07:17 (2454 turns).

b5mith the Poker (Minotaur Berserker)               Turns: 2454, Time: 00:07:18

Health: -5/47      AC:  2    Str: 23    XL:     5   Next: 6%
Magic:  4/4        EV: 13    Int:  4    God:    Trog [**....]
Gold:   125        SH:  0    Dex:  9    Spells: 4/4 levels left

rFire    + . .     SeeInvis .   a - +0 spear
rCold    . . .     Gourm    .   (no shield)
rNeg     . . .     Faith    +   b - +0 animal skin
rPois    .         Spirit   .   (helmet restricted)
rElec    .         Reflect  .   (no cloak)
rCorr    .         Harm     .   (no gloves)
MR       .....                  (no boots)
Stlth    ..........             o - amulet of faith
HPRegen  0.15/turn              i - ring of loudness (curse)
MPRegen  0.09/turn              s - ring of protection from fire

@: no status effects
A: retaliatory headbutt, horns 2
a: Berserk, Trog's Hand, Renounce Religion


You were on level 4 of the Dungeon.
You worshipped Trog.
Trog was pleased with you.
You were not hungry.

You visited 1 branch of the dungeon, and saw 4 of its levels.

You collected 125 gold pieces.

Inventory:

Hand Weapons
 a - a +0 spear (weapon)
 w - a +0 falchion of slicing
Missiles
 e - 8 tomahawks (quivered)
 g - 162 stones
Armour
 b - a +0 animal skin (worn)
Jewellery
 i - a cursed ring of loudness (left hand)
 o - an amulet of faith (around neck)
 s - a ring of protection from fire (right hand)
 x - an uncursed ring of protection from cold {unknown}
Scrolls
 d - 4 scrolls of amnesia
 f - a scroll of identify {@r1}
 l - a scroll of immolation
 n - a scroll of enchant weapon
 q - 3 scrolls of teleportation
 u - a scroll of enchant armour
Potions
 h - a potion of curing {unknown}
 j - 2 potions of degeneration {unknown}
 k - a potion of berserk rage {unknown}
 m - a potion of might {unknown}
 p - a potion of brilliance {unknown}
 r - a potion of flight {unknown}
 t - a potion of invisibility {unknown}
 v - a potion of cancellation {unknown}
Comestibles
 c - 7 rations
 z - 4 chunks of flesh


   Skills:
 + Level 4.6 Fighting
 + Level 4.6 Polearms
 + Level 3.8 Armour
 + Level 3.4 Dodging


You had 4 spell levels left.
You didn't know any spells.

Dungeon Overview and Level Annotations

Branches:
Dungeon (4/15)
 Temple: D:4-7

Altars:


Innate Abilities, Weirdness & Mutations

You reflexively headbutt those who attack you in melee.
You have a pair of horns on your head.


Message History

Press: ? - help, Dir - move target cursor, f/p - ogre
Aim: an ogre, wielding a giant club (moderately wounded)
You completely miss the ogre.
The ogre is moderately wounded.
You barely miss the ogre.
The ogre is moderately wounded.
The ogre hits you with a giant club.
* * * LOW HITPOINT WARNING * * *
You hit the ogre. Your headbutt misses the ogre.
The ogre is heavily wounded.
The ogre barely misses you.
You hit the ogre. Your headbutt misses the ogre.
The ogre is severely wounded.
You hit the ogre but do no damage.
The ogre is severely wounded.
The ogre barely misses you.
You barely miss the ogre.
The ogre is severely wounded.
The ogre hits you with a giant club!
You die...

..# #.# #.# #.# #.#
######################## #.###.#
...............O@......# #.....#
.#####################.########.#
. ...............>....... #
#..........#.##########
#.......##.#.########..
#.......##.#..........#
#.......##.#.........[#
..########.#..........# .
#....#######.#


You could see an ogre.

Vanquished Creatures
  An iguana (D:4)
  3 adders (D:2)
  An ooze (D:3)
  5 worms
  A dart slug (D:1)
  2 leopard geckos
  2 orcs (D:3)
  A ball python (D:3)
  3 giant cockroaches
  7 goblins
  9 hobgoblins
  2 jackals (D:1)
  2 quokkas
  7 bats
  7 frilled lizards
  10 kobolds
  3 rats
66 creatures vanquished.

Notes
Turn   | Place    | Note
-------+----------+-------------------------------------------
     0 | D:1      | b5mith the Minotaur Berserker began the quest for the Orb.
     0 | D:1      | Reached XP level 1. HP: 19/19 MP: 0/0
   125 | D:1      | Reached XP level 2. HP: 20/27 MP: 1/1
   711 | D:2      | Reached XP level 3. HP: 27/33 MP: 2/2
   822 | D:2      | Reached ** piety under Trog
  1132 | D:2      | Reached XP level 4. HP: 25/41 MP: 3/3
  2339 | D:4      | Reached XP level 5. HP: 20/47 MP: 4/4
  2431 | D:4      | Noticed an ogre
  2454 | D:4      | Slain by an ogre

Vault maps used:
D:1:      kennysheep_arrival_seaside, serial_forest, infiniplex_forest_corner_2,
          infiniplex_forest_lined_1, infiniplex_forest_side_room,
          infiniplex_forest_corner_1, infiniplex_forest_lined_1
D:2:      minmay_tromino_i4

Skill      XL: |  1  2  3 |
---------------+----------+-----
Fighting       | 4 |  4.6
Polearms       | 4 |  4.6
Armour         | 3 |  3.8
Dodging        | 3 |  3.4

Action                   |  1- 3 |  4- 6 || total
-------------------------+-------+-------++-------
Melee: Spear             |   105 |    94 ||   199
       Headbutt          |    11 |    11 ||    22
Throw: Tomahawk          |    18 |     7 ||    25
  Use: Scroll            |     2 |     3 ||     5
  Eat: Chunk             |     1 |     4 ||     5
Armor: Animal skin       |     3 |     5 ||     8
Dodge: Dodged            |    43 |    30 ||    73

Table legend:
 A = Spawn XP
 B = Non-spawn XP
 C = Spawn XP percentage of total XP
 D = Spawn monster count
 E = Non-spawn monster count
 F = Spawn count percentage of total count
 G = Total turns spent on level
                    A         B        C        D         E        F      G
               +---------+---------+-------+---------+---------+-------+---------
         Total |       0 |     208 |   0.0 |       0 |      66 |   0.0 |  2454
               +---------+---------+-------+---------+---------+-------+---------
           D:1 |       0 |      39 |   0.0 |       0 |      21 |   0.0 |   686
           D:2 |       0 |      91 |   0.0 |       0 |      27 |   0.0 |   989
           D:3 |       0 |      32 |   0.0 |       0 |      15 |   0.0 |   554
           D:4 |       0 |      46 |   0.0 |       0 |       3 |   0.0 |   225
               +---------+---------+-------+---------+---------+-------+---------
